[Event "Titled Tuesday Blitz June 27 Early 2023"]
[White "Rom, Jasper"]
[Black "De Souza, Cristiano Gomes"]
[WhiteFideId "2023733"]
[BlackFideId "2151758"]
[WhiteElo "2426"]
[BlackElo "2256"]
[Result "1-0"]
[Round "5"]
[TimeControl "180+2"]
[Date "2023.06.27"]
[WhiteClock "0:00:09"]
[BlackClock "0:01:22"]
[Board "185"]

1. e4 c5 2. Nc3 d6 3. f4 a6 4. g3 b5 5. Bg2 Bb7 6. d3 g6 7. Nh3 Bg7 8. O-O e6 9. f5 exf5 10. exf5 Bxg2 11. Kxg2 Nf6 12. Qf3 Nbd7 13. Re1+ Ne5 14. Qc6+ Kf8 15. Qb7 Qc8 16. Qxc8+ Rxc8 17. Bf4 Nfg4 18. Ng5 h6 19. Nf3 Kg8 20. fxg6 fxg6 21. Nd2 h5 22. Nce4 Rd8 23. h3 Nh6 24. Nxc5 dxc5 25. Bxe5 c4 26. Nf3 cxd3 27. Rad1 Bxe5 28. Nxe5 Kg7 29. Rxd3 Rxd3 30. Nxd3 Rc8 31. c3 Rd8 32. Nf4 Rd2+ 33. Re2 Rxe2+ 34. Nxe2 Nf5 35. Kf3 Kf6 36. Ke4 Ke6 37. Nd4+ Nxd4 38. cxd4 g5 39. g4 hxg4 40. hxg4 Kd6 41. b4 Kc6 42. d5+ Kd6 43. Kd4 Ke7 44. Kc5 Kd7 45. d6 Ke6 46. Kc6 1-0


[Site "https://www.chess.com"]

[Event "Titled Tuesday Blitz June 27 Early 2023"]
[White "Large, Peter G"]
[Black "Abrosimov, Vladimir"]
[WhiteFideId "400866"]
[BlackFideId "4166892"]
[WhiteElo "2418"]
[BlackElo "2241"]
[Result "1-0"]
[Round "5"]
[TimeControl "180+2"]
[Date "2023.06.27"]
[WhiteClock "0:00:13"]
[BlackClock "0:00:37"]
[Board "186"]

1. e4 c5 2. Nc3 d6 3. Nf3 e6 4. d4 cxd4 5. Nxd4 Nf6 6. Be3 a6 7. f4 Be7 8. Bd3 O-O 9. Qf3 Qc7 10. O-O b5 11. a3 Bb7 12. Rae1 Nc6 13. Nxc6 Bxc6 14. Qh3 e5 15. Nd5 Bxd5 16. exd5 e4 17. Be2 Qxc2 18. Bd4 Qd2 19. Bc3 Qxd5 20. Rd1 Qc5+ 21. Kh1 d5 22. Rd2 Rfd8 23. Rfd1 e3 24. Rd3 Ne4 25. Kg1 Rac8 26. Bd4 Qc2 27. Qxe3 Bf6 28. Bg4 Bxd4 29. Rxd4 Rb8 30. Bf5 Qc6 31. Bxe4 Re8 32. Rxd5 Qc4 33. Re5 f6 34. Bd5+ Qxd5 35. Rdxd5 fxe5 36. Rxe5 Rxe5 37. Qxe5 Rf8 38. f5 Rf6 39. Qe8+ Rf8 40. Qe6+ Rf7 41. Qxa6 Rf6 42. Qxb5 h6 43. Qd5+ Kh7 44. a4 Rb6 45. b3 Ra6 46. a5 Ra7 47. b4 Re7 48. b5 Re2 49. a6 Rb2 50. a7 Rb1+ 51. Kf2 Ra1 52. a8=Q g6 53. Qf7# 1-0


[Site "https://www.chess.com"]

[Event "Titled Tuesday Blitz June 27 Early 2023"]
[White "Mishra, Manoj"]
[Black "Rangel, Daniel"]
[WhiteFideId "5006007"]
[BlackFideId "2124475"]
[WhiteElo "2228"]
[BlackElo "2415"]
[Result "0-1"]
[Round "5"]
[TimeControl "180+2"]
[Date "2023.06.27"]
[WhiteClock "0:00:00"]
[BlackClock "0:00:32"]
[Board "187"]

1. d4 Nf6 2. Bg5 g6 3. Bxf6 exf6 4. c4 Bg7 5. g3 O-O 6. Bg2 d6 7. Nc3 c6 8. e3 h5 9. h4 Bg4 10. Nge2 Re8 11. b4 Bxe2 12. Qxe2 f5 13. b5 Bxd4 14. Qd3 Be5 15. O-O Qc7 16. Rac1 Nd7 17. Rfd1 Nc5 18. Qe2 f4 19. gxf4 Bxf4 20. Qf3 Be5 21. bxc6 bxc6 22. Qxc6 Qe7 23. Qxa8 Rxa8 24. Bxa8 Qxh4 25. Ne2 Qg5+ 26. Kf1 h4 27. f4 Qf6 28. Ke1 Bb2 29. Rc2 Ba3 30. Nd4 Bb4+ 31. Ke2 h3 32. Nb5 Qh4 33. Rxd6 h2 34. Rc1 g5 35. Nd4 gxf4 36. Nf5 Qh5+ 37. Bf3 Qxf5 38. Rd8+ Kg7 0-1


[Site "https://www.chess.com"]

[Event "Titled Tuesday Blitz June 27 Early 2023"]
[White "Bochnicka, Vladimir"]
[Black "Zuriel, Marisa"]
[WhiteFideId "14943450"]
[BlackFideId "109142"]
[WhiteElo "2412"]
[BlackElo "2223"]
[Result "0-1"]
[Round "5"]
[TimeControl "180+2"]
[Date "2023.06.27"]
[WhiteClock "0:00:02"]
[BlackClock "0:00:19"]
[Board "188"]

1. e4 c5 2. Nf3 d6 3. d4 cxd4 4. Nxd4 Nf6 5. Nc3 a6 6. f3 e6 7. Be3 b5 8. g4 Bb7 9. Qd2 Nfd7 10. O-O-O Nb6 11. Bd3 N8d7 12. Kb1 Rc8 13. Rhe1 Be7 14. f4 g6 15. f5 e5 16. Nb3 Nc5 17. g5 b4 18. Ne2 Nxe4 19. Qxb4 Nc5 20. f6 Nd5 21. Qd2 O-O 22. fxe7 Qxe7 23. Nxc5 dxc5 24. Bc4 Nb6 25. Qc3 Bf3 26. Rd2 Rb8 27. Bb3 c4 28. Bxb6 cxb3 29. Bc5 bxc2+ 30. Qxc2 Qxg5 31. Bxf8 Rxf8 32. Nc3 Qh4 33. Rc1 h5 34. Qa4 Qg5 35. Rd6 Rb8 36. Qa5 Qg2 37. Rd8+ Rxd8 38. Qxd8+ Kg7 39. Nd5 Bxd5 40. Qd6 Qe4+ 41. Ka1 Qe3 42. Rb1 Qd4 43. Qxa6 Be4 44. Rc1 Bd3 45. Qc6 Be4 46. Qc3 Qd6 47. a4 Bf5 48. a5 Be6 49. Qc5 Qb8 50. Qb6 Qe8 51. a6 Qa4+ 52. Kb1 0-1


[Site "https://www.chess.com"]

[Event "Titled Tuesday Blitz June 27 Early 2023"]
[White "Clawitter, Craig"]
[Black "Ai, Evan"]
[WhiteFideId "2023105"]
[BlackFideId "2094770"]
[WhiteElo "2218"]
[BlackElo "2409"]
[Result "0-1"]
[Round "5"]
[TimeControl "180+2"]
[Date "2023.06.27"]
[WhiteClock "0:00:21"]
[BlackClock "0:01:27"]
[Board "189"]

1. e4 e5 2. Nc3 Nc6 3. f4 d6 4. Nf3 Bg4 5. Bb5 Nf6 6. d3 a6 7. Bxc6+ bxc6 8. h3 Bxf3 9. Qxf3 Nd7 10. O-O Be7 11. fxe5 Nxe5 12. Qg3 O-O 13. d4 Bh4 14. Qf4 Ng6 15. Qg4 Bf6 16. Be3 Rb8 17. b3 c5 18. e5 dxe5 19. dxc5 e4 20. Nxe4 Bxa1 21. Qh5 Bd4 22. Rf3 Bxe3+ 23. Rxe3 Qd4 24. Kf2 Rbe8 25. c3 Qe5 26. Ng5 Qxe3+ 27. Kf1 Qe1# 0-1


[Site "https://www.chess.com"]

[Event "Titled Tuesday Blitz June 27 Early 2023"]
[White "Srdanovic, Jovana"]
[Black "KSho99"]
[WhiteFideId "954810"]
[WhiteElo "2408"]
[BlackElo "2208"]
[Result "0-1"]
[Round "5"]
[TimeControl "180+2"]
[Date "2023.06.27"]
[WhiteClock "0:01:02"]
[BlackClock "0:00:34"]
[Board "190"]

1. d4 d5 2. c4 dxc4 3. Nf3 Nf6 4. e3 e6 5. Bxc4 c5 6. O-O a6 7. dxc5 Qxd1 8. Rxd1 Bxc5 9. Nbd2 O-O 10. Be2 Rd8 11. b3 b6 12. Bb2 Nbd7 13. a3 Bb7 14. b4 Be7 15. Nc4 Bd5 16. Nfe5 a5 17. b5 Rac8 18. f3 Nxe5 19. Nxb6 Rc2 20. Bxe5 Rxe2 21. Kf1 Rc2 22. e4 Bc5 23. Na4 Bc4+ 24. Ke1 Bf2# 0-1


[Site "https://www.chess.com"]

[Event "Titled Tuesday Blitz June 27 Early 2023"]
[White "Mrudul Dehankar"]
[Black "Luxama, Jacques Muller"]
[WhiteFideId "25096990"]
[BlackFideId "11900113"]
[WhiteElo "2407"]
[BlackElo "2185"]
[Result "1-0"]
[Round "5"]
[TimeControl "180+2"]
[Date "2023.06.27"]
[WhiteClock "0:00:17"]
[BlackClock "0:00:58"]
[Board "191"]

1. e4 e6 2. d4 d5 3. e5 c5 4. c3 Nc6 5. Nf3 Qb6 6. Bd3 Bd7 7. O-O cxd4 8. Re1 Nge7 9. Na3 Ng6 10. cxd4 Bxa3 11. bxa3 Nxd4 12. Rb1 Nxf3+ 13. Qxf3 Qc7 14. Qg3 O-O 15. h4 Kh8 16. h5 Ne7 17. h6 Ng6 18. hxg7+ Kxg7 19. Bg5 Rh8 20. Bf6+ Kg8 21. Qe3 Qb8 22. Rxb7 Qxb7 23. Qh6 Nxe5 24. Qg7# 1-0


[Site "https://www.chess.com"]

[Event "Titled Tuesday Blitz June 27 Early 2023"]
[White "Samarth J Rao"]
[Black "Kopczynski, Michal"]
[WhiteFideId "46652370"]
[BlackFideId "1124200"]
[WhiteElo "2183"]
[BlackElo "2406"]
[Result "0-1"]
[Round "5"]
[TimeControl "180+2"]
[Date "2023.06.27"]
[WhiteClock "0:01:19"]
[BlackClock "0:01:01"]
[Board "192"]

1. d4 Nf6 2. Nf3 g6 3. e3 Bg7 4. Bd3 d6 5. O-O O-O 6. b3 Nc6 7. Bb2 Nd7 8. a3 e5 9. c4 f5 10. dxe5 dxe5 11. Be2 Nc5 12. Nc3 Qxd1 13. Rfxd1 Nxb3 14. Rab1 e4 15. Ne1 Be6 16. Nd5 Bxd5 17. cxd5 Nca5 18. Bxg7 Kxg7 19. Nc2 Rad8 20. Nb4 c5 21. dxc6 bxc6 22. Rxd8 Rxd8 23. Nxc6 Nxc6 24. Rxb3 Rd2 25. Kf1 Ra2 26. Rc3 Ra1+ 27. Bd1 Rxd1+ 28. Ke2 Rd6 29. Rc5 Kf6 30. h4 Ke6 31. f4 exf3+ 32. gxf3 Kd7 33. h5 Re6 34. Kf2 Ne5 35. Rd5+ Kc6 36. Rd8 Nc4 37. hxg6 hxg6 38. Rd3 Kb5 39. Rc3 a5 40. f4 a4 41. Kf3 Rxe3+ 42. Rxe3 Nxe3 43. Kxe3 Kc4 44. Kf3 Kd3 45. Kg3 Ke3 46. Kh3 Kxf4 47. Kh4 Ke3 48. Kh3 Kd3 0-1


[Site "https://www.chess.com"]

[Event "Titled Tuesday Blitz June 27 Early 2023"]
[White "le-castor-faineant"]
[Black "BenchGM"]
[WhiteElo "2149"]
[BlackElo "2404"]
[Result "0-1"]
[Round "5"]
[TimeControl "180+2"]
[Date "2023.06.27"]
[WhiteClock "0:00:02"]
[BlackClock "0:00:04"]
[Board "193"]

1. e4 e6 2. d4 d5 3. Nc3 Nf6 4. e5 Nfd7 5. Nf3 c5 6. Bg5 Qb6 7. dxc5 Bxc5 8. Qd2 Qxb2 9. Rb1 Qa3 10. Nb5 Qxa2 11. Qc1 Qa5+ 12. c3 f6 13. exf6 gxf6 14. Bf4 e5 15. Bg3 a6 16. Ra1 Qb6 17. Qh6 Bf8 18. Qh5+ Ke7 19. Nh4 Nc5 20. Bxe5 fxe5 21. Qxe5+ Qe6 22. Nf5+ Kf7 23. Qxe6+ Bxe6 24. Nc7 Ra7 25. Nd4 Nc6 26. Ndxe6 Nxe6 27. Nxd5 Bc5 28. Be2 Rd8 29. Bf3 Ng5 30. Ne3 Nxf3+ 31. gxf3 Re8 32. Ke2 Raa8 33. Rab1 b5 34. Rhd1 Bxe3 35. fxe3 Rad8 36. Rg1 Rd6 37. c4 Rde6 38. e4 b4 39. Ra1 a5 40. Rgd1 Ke7 41. Rd5 Rd8 42. Rh5 h6 43. Rg1 b3 44. Rb1 a4 45. Rb5 a3 46. R5xb3 Nd4+ 47. Kd3 Nxb3+ 48. Kc3 Nc5 49. Rb7+ Ke8 0-1


[Site "https://www.chess.com"]

[Event "Titled Tuesday Blitz June 27 Early 2023"]
[White "Vargas Rodriguez, Wilver"]
[Black "Dinu, Dumitru-Daniel"]
[WhiteFideId "3509672"]
[BlackFideId "1208403"]
[WhiteElo "2147"]
[BlackElo "2400"]
[Result "0-1"]
[Round "5"]
[TimeControl "180+2"]
[Date "2023.06.27"]
[WhiteClock "0:00:00"]
[BlackClock "0:00:36"]
[Board "194"]

1. Nf3 Nf6 2. c4 e6 3. g3 b6 4. Bg2 Bb7 5. O-O c5 6. b3 Be7 7. Bb2 O-O 8. e3 d6 9. Nc3 a6 10. Re1 Nbd7 11. a3 Qc7 12. Rc1 Rac8 13. Qc2 Qb8 14. d3 Qa8 15. e4 Rfd8 16. Qb1 Ne5 17. Nxe5 dxe5 18. Na4 Nd7 19. Qa1 b5 20. Nc3 Bc6 21. Nd1 Bf6 22. Ne3 h5 23. f4 exf4 24. gxf4 Bxb2 25. Qxb2 Nf6 26. Kh1 Rxd3 27. Qf2 Bxe4 28. Bxe4 Nxe4 29. Qg2 Rd2 30. Re2 Rxe2 31. Qxe2 Ng3+ 0-1


[Site "https://www.chess.com"]

[Event "Titled Tuesday Blitz June 27 Early 2023"]
[White "Aung Thant Zin"]
[Black "Pinto, Daniel"]
[WhiteFideId "13000063"]
[BlackFideId "3303144"]
[WhiteElo "2099"]
[BlackElo "2398"]
[Result "0-1"]
[Round "5"]
[TimeControl "180+2"]
[Date "2023.06.27"]
[WhiteClock "0:01:01"]
[BlackClock "0:01:30"]
[Board "195"]

1. c4 c5 2. Nf3 Nc6 3. d4 cxd4 4. Nxd4 g6 5. Nc3 Bg7 6. Nc2 Nf6 7. g3 d6 8. Bg2 O-O 9. O-O Bd7 10. b3 Qa5 11. Bb2 Qh5 12. Re1 Bh3 13. f3 Bxg2 14. Kxg2 a6 15. e4 b5 16. cxb5 axb5 17. f4 Qc5 18. Re2 Ng4 19. Nd5 Bxb2 20. Rb1 Bg7 21. Ne1 Nd4 22. Rc1 Qa7 23. Rd2 e6 24. Nc7 Ne3+ 0-1


[Site "https://www.chess.com"]

[Event "Titled Tuesday Blitz June 27 Early 2023"]
[White "Szyszylo, Rafal"]
[Black "Jaivardhan Raj"]
[WhiteFideId "1109626"]
[BlackFideId "25744437"]
[WhiteElo "2391"]
[BlackElo "2096"]
[Result "1-0"]
[Round "5"]
[TimeControl "180+2"]
[Date "2023.06.27"]
[WhiteClock "0:00:15"]
[BlackClock "0:00:05"]
[Board "196"]

1. e4 c5 2. Nc3 Nc6 3. Bb5 Nd4 4. Nf3 Nxb5 5. Nxb5 d5 6. exd5 a6 7. Nc3 Nf6 8. d4 c4 9. Ne5 b5 10. O-O Nxd5 11. Qf3 Be6 12. Ne4 f6 13. Nc5 Qc8 14. Nxe6 Qxe6 15. Qh5+ g6 16. Nxg6 Qf7 17. Nf4 Nxf4 18. Qxf7+ Kxf7 19. Bxf4 Rd8 20. c3 Bg7 21. a4 e5 22. dxe5 fxe5 23. Bg5 Rd7 24. axb5 axb5 25. Ra5 Rb7 26. Rfa1 h6 27. Be3 Rhb8 28. Ra7 Ke6 29. R1a6+ Kd7 30. Kf1 e4 31. Rxb7+ Rxb7 32. Rg6 Kc8 33. Bxh6 Bxh6 34. Rxh6 b4 35. Re6 bxc3 36. bxc3 Kd7 37. Rxe4 Rb1+ 38. Ke2 Rb2+ 39. Kf3 1-0


[Site "https://www.chess.com"]

[Event "Titled Tuesday Blitz June 27 Early 2023"]
[White "Barbot, Pierre"]
[Black "Ho, In Hei Henry"]
[WhiteFideId "663727"]
[BlackFideId "6002552"]
[WhiteElo "2381"]
[BlackElo "2020"]
[Result "1-0"]
[Round "5"]
[TimeControl "180+2"]
[Date "2023.06.27"]
[WhiteClock "0:00:21"]
[BlackClock "0:00:32"]
[Board "198"]

1. d4 d5 2. Nf3 Nf6 3. Bf4 Bf5 4. e3 e6 5. c4 c6 6. Nc3 Bd6 7. Bd3 Bxf4 8. exf4 Bxd3 9. Qxd3 h6 10. O-O O-O 11. Rad1 Nbd7 12. Rfe1 Qc7 13. Ne5 Rad8 14. cxd5 exd5 15. Re3 Nh5 16. Qf5 Nhf6 17. Rg3 b5 18. Rdd3 b4 19. Ng4 Nxg4 20. Qxg4 g6 21. f5 g5 22. Qh5 Kg7 23. Rxg5+ hxg5 24. Qxg5+ Kh8 25. Rh3# 1-0


[Site "https://www.chess.com"]

[Event "Titled Tuesday Blitz June 27 Early 2023"]
[White "TomLiu777"]
[Black "Ajavon, Anthony Obieni"]
[BlackFideId "12600784"]
[WhiteElo "2372"]
[BlackElo "2018"]
[Result "1-0"]
[Round "5"]
[TimeControl "180+2"]
[Date "2023.06.27"]
[WhiteClock "0:00:37"]
[BlackClock "0:00:00"]
[Board "199"]

1. b3 e5 2. Bb2 Nc6 3. e3 d6 4. c4 Nf6 5. Nf3 g6 6. d4 exd4 7. Nxd4 Bg7 8. Be2 O-O 9. Nxc6 bxc6 10. Bf3 Bb7 11. O-O Nd7 12. Bxg7 Kxg7 13. Nc3 Qf6 14. Ne4 Qe7 15. g3 c5 16. Nc3 Bxf3 17. Qxf3 Ne5 18. Qe2 c6 19. Rad1 Rad8 20. Kg2 Qe6 21. Qb2 Kg8 22. Ne4 Ng4 23. Ng5 Qf5 24. h4 h6 25. Nf3 d5 26. cxd5 cxd5 27. Qb1 Qe6 28. h5 Kh7 29. Qc2 1-0


[Site "https://www.chess.com"]

[Event "Titled Tuesday Blitz June 27 Early 2023"]
[White "Skiadopoulos, Nikolaos"]
[Black "Fernandez Siles, Luis"]
[WhiteFideId "4200772"]
[BlackFideId "2209420"]
[WhiteElo "1923"]
[BlackElo "2362"]
[Result "0-1"]
[Round "5"]
[TimeControl "180+2"]
[Date "2023.06.27"]
[WhiteClock "0:00:00"]
[BlackClock "0:00:27"]
[Board "200"]

1. e4 c5 2. Nf3 Nc6 3. c3 Nf6 4. e5 Nd5 5. d4 cxd4 6. cxd4 d6 7. Bc4 Nb6 8. Bxf7+ Kxf7 9. e6+ Kg8 10. d5 Nxd5 11. Qxd5 Qa5+ 12. Nc3 Qxd5 13. Nxd5 Nd8 14. Bg5 Bxe6 15. Nxe7+ Kf7 16. O-O-O Bxe7 17. Bxe7 Kxe7 18. Rhe1 Rc8+ 19. Kb1 Rc5 20. b4 Rb5 21. a3 Rf8 22. Nd4 Re5 23. f3 Nc6 24. Rxe5 dxe5 25. Nb5 Rd8 26. Re1 Rd3 27. Kb2 Rb3+ 28. Kc2 a6 29. Nc7 Rxa3 30. f4 Ra2+ 31. Kc3 Rxg2 32. fxe5 Rxh2 33. b5 axb5 34. Nxb5 Rh4 35. Nd6 b6 36. Ra1 Nxe5 0-1


[Site "https://www.chess.com"]

[Event "Titled Tuesday Blitz June 27 Early 2023"]
[White "Melikhov, Evgeny V."]
[Black "Guevara Sanchez, Erick Marvin"]
[WhiteFideId "4122046"]
[BlackFideId "6700136"]
[WhiteElo "2361"]
[BlackElo "2003"]
[Result "1-0"]
[Round "5"]
[TimeControl "180+2"]
[Date "2023.06.27"]
[WhiteClock "0:00:46"]
[BlackClock "0:01:42"]
[Board "201"]

1. d4 Nf6 2. c4 e6 3. Nc3 Bb4 4. Qc2 O-O 5. e4 d5 6. e5 Nfd7 7. Nf3 Nc6 8. cxd5 exd5 9. Bd3 h6 10. O-O Nb6 11. Qe2 Bg4 12. Be3 Bxf3 13. Qxf3 Nxe5 14. dxe5 d4 15. Qe4 g6 16. Bxd4 Be7 17. e6 f5 18. Qe3 Bg5 19. e7 Qxe7 20. Qxe7 Bxe7 21. Rad1 Bg5 22. Bc5 Rfe8 23. a4 a5 24. Nb5 Rac8 25. Nxc7 Rxc7 26. Bxb6 Rc6 27. Bb5 1-0


[Site "https://www.chess.com"]

[Event "Titled Tuesday Blitz June 27 Early 2023"]
[White "Thecourseoisildur"]
[Black "Fudalej, Michal"]
[BlackFideId "1118781"]
[WhiteElo "2506"]
[BlackElo "2256"]
[Result "0-1"]
[Round "5"]
[TimeControl "180+2"]
[Date "2023.06.27"]
[WhiteClock "0:00:00"]
[BlackClock "0:00:17"]
[Board "202"]

1. e4 c6 2. d4 d5 3. e5 g6 4. h4 h5 5. Bd3 Bg7 6. c3 Nh6 7. Ne2 c5 8. Bxh6 Bxh6 9. dxc5 Qc7 10. Qa4+ Nd7 11. e6 fxe6 12. Bxg6+ Kd8 13. b4 Ne5 14. Bc2 Rg8 15. Kf1 Nc4 16. Bd3 Bd7 17. Qc2 Ne5 18. Nd2 a5 19. Nf3 Ng4 20. Ned4 e5 21. Nb5 Qc6 22. Be2 Qf6 23. Rh3 d4 24. Nbxd4 exd4 25. cxd4 Bc6 26. d5 Bxd5 27. Rd1 e6 28. c6 Rc8 0-1


[Site "https://www.chess.com"]

[Event "Titled Tuesday Blitz June 27 Early 2023"]
[White "Eidelman, Gabriel"]
[Black "Gyulamiryan-koryun"]
[WhiteFideId "30910544"]
[WhiteElo "2447"]
[BlackElo "1982"]
[Result "1/2-1/2"]
[Round "5"]
[TimeControl "180+2"]
[Date "2023.06.27"]
[WhiteClock "0:00:02"]
[BlackClock "0:00:02"]
[Board "203"]

1. Nf3 Nf6 2. c4 c6 3. Nc3 d5 4. e3 g6 5. d4 Bg7 6. Be2 O-O 7. O-O Bf5 8. cxd5 cxd5 9. Qb3 b6 10. Bd2 Nc6 11. Rac1 Rc8 12. Ba6 Na5 13. Qd1 Rc7 14. Ne5 Ne4 15. Nxe4 Bxe4 16. Bxa5 bxa5 17. Qa4 Rxc1 18. Rxc1 Bxe5 19. dxe5 Qb6 20. Qb5 Rb8 21. a4 Qd8 22. Qe2 Kg7 23. Bb5 Qb6 24. f3 Bf5 25. g4 Be6 26. Rc6 Qb7 27. Kg2 Rc8 28. Qc2 Rxc6 29. Qxc6 Qb6 30. Kf2 f6 31. exf6+ exf6 32. Qxb6 axb6 33. Ke2 Kf8 34. Kd3 Ke7 35. Kd4 Kd6 36. Bd3 Bd7 37. b3 Bc6 38. h4 Bd7 39. h5 gxh5 40. gxh5 h6 41. Bg6 Be6 42. Be8 Bg8 43. f4 f5 44. Bg6 Ke6 45. Kc3 Kd6 46. Kd4 Ke6 47. Be8 Kd6 48. Bb5 Be6 49. Bd3 Bd7 50. Ba6 Be6 51. Bb7 Bf7 52. Bc8 Bxh5 53. Bxf5 Bd1 54. Bh3 Bxb3 55. f5 Bxa4 56. f6 Be8 57. e4 Bf7 58. e5+ Kc7 59. e6 Bxe6 60. Bxe6 Kd6 61. f7 Ke7 62. Bxd5 h5 63. Ke5 b5 64. Kf5 a4 65. Kg6 Kf8 66. Kxh5 b4 67. Kg6 b3 68. Kf6 a3 69. Bxb3 a2 70. Bxa2 1/2-1/2


[Site "https://www.chess.com"]

[Event "Titled Tuesday Blitz June 27 Early 2023"]
[White "Ivanova, Karina"]
[Black "Gulkov, Igor A."]
[WhiteFideId "24139750"]
[BlackFideId "4120973"]
[WhiteElo "2170"]
[BlackElo "2395"]
[Result "0-1"]
[Round "5"]
[TimeControl "180+2"]
[Date "2023.06.27"]
[WhiteClock "0:00:00"]
[BlackClock "0:00:18"]
[Board "204"]

1. e4 c5 2. Nf3 d6 3. d4 cxd4 4. Nxd4 Nf6 5. Nc3 a6 6. Be2 e6 7. O-O Qc7 8. f3 b5 9. a3 Nbd7 10. Be3 Bb7 11. Qd2 Be7 12. Rfd1 O-O 13. Nb3 Rac8 14. Kh1 d5 15. exd5 Nxd5 16. Nxd5 Bxd5 17. Nd4 Ne5 18. Nf5 Bf6 19. c3 Rfd8 20. Nd4 Nc4 21. Bxc4 bxc4 22. Qf2 Rb8 23. Rd2 Rb7 24. Ne2 Qc6 25. Nf4 Rdb8 26. Nxd5 exd5 27. Rad1 h6 28. Bd4 Bxd4 29. Qxd4 Rxb2 30. Qxd5 Qxd5 31. Rxd5 Rb1 32. h4 Rxd1+ 33. Rxd1 Rb3 34. Rd6 Rxa3 35. Rc6 Rxc3 36. Rxa6 h5 37. Rc6 Kh7 38. Kh2 Rc2 39. Kh3 c3 40. g4 hxg4+ 41. fxg4 f6 42. h5 Rc1 43. Kg2 Kh6 44. Rc5 Kh7 45. Rc6 Kg8 46. Rc7 Kf8 47. Kh2 c2 48. Kg2 Ke8 49. Rc3 Ke7 50. Rc7+ Ke6 51. Rc8 Ke5 52. Rc5+ Ke4 53. Rc8 Kf4 54. Rc4+ Kg5 55. Kh2 Rf1 56. Rxc2 Rf4 0-1


[Site "https://www.chess.com"]

[Event "Titled Tuesday Blitz June 27 Early 2023"]
[White "VoicelessFeather"]
[Black "Ruge, Edison"]
[BlackFideId "4401000"]
[WhiteElo "2144"]
[BlackElo "2200"]
[Result "0-1"]
[Round "5"]
[TimeControl "180+2"]
[Date "2023.06.27"]
[WhiteClock "0:02:04"]
[BlackClock "0:01:30"]
[Board "205"]

1. e4 e5 2. Nf3 Nc6 3. Bb5 f5 4. d3 fxe4 5. dxe4 Nf6 6. O-O Bc5 7. Bxc6 bxc6 8. Nxe5 O-O 9. Nc3 Qe8 10. Nd3 Bd4 11. Ne2 Qxe4 12. Nxd4 Qxd4 13. c3 Qh4 14. Bf4 d6 15. Bg3 Qc4 16. Qb3 Ba6 17. Rfe1 Qxb3 18. axb3 Bxd3 19. Re7 Rf7 0-1


[Site "https://www.chess.com"]

[Event "Titled Tuesday Blitz June 27 Early 2023"]
[White "Howell, David W L"]
[Black "campochess"]
[WhiteFideId "410608"]
[WhiteElo "3006"]
[BlackElo "2158"]
[Result "1-0"]
[Round "5"]
[TimeControl "180+2"]
[Date "2023.06.27"]
[WhiteClock "0:01:02"]
[BlackClock "0:00:58"]
[Board "206"]

1. d4 Nf6 2. Bg5 e6 3. e4 Be7 4. Bd3 c5 5. dxc5 Qa5+ 6. Nd2 Qxc5 7. Ngf3 Qc7 8. e5 Nd5 9. Bxe7 Nxe7 10. Ne4 Nf5 11. g4 Nh6 12. Nd6+ Kf8 13. g5 Ng4 14. Be4 Nc6 15. Bxc6 bxc6 16. Qd4 h5 17. h3 Qa5+ 18. b4 Nxe5 19. Nxe5 Qd5 20. Qf4 f5 21. gxf6 g5 22. Qxg5 Rh7 23. Ng6+ Kg8 24. Ne7+ 1-0


[Site "https://www.chess.com"]

[Event "Titled Tuesday Blitz June 27 Early 2023"]
[White "Miladinovic, Igor"]
[Black "Dahlgren, James Allen"]
[WhiteFideId "4203380"]
[BlackFideId "22256873"]
[WhiteElo "2860"]
[BlackElo "2152"]
[Result "1-0"]
[Round "5"]
[TimeControl "180+2"]
[Date "2023.06.27"]
[WhiteClock "0:03:01"]
[BlackClock "0:02:51"]
[Board "207"]

1. d4 e6 2. e4 c5 3. d5 exd5 4. exd5 d6 5. Nc3 f5 6. Bb5+ Nd7 7. a4 Nf6 8. Nf3 Be7 9. Ng5 O-O 10. Ne6 Qb6 11. a5 1-0


[Site "https://www.chess.com"]

[Event "Titled Tuesday Blitz June 27 Early 2023"]
[White "Tarnowska, Aleksandra"]
[Black "Mayank Chakraborty"]
[WhiteFideId "1180967"]
[BlackFideId "25659766"]
[WhiteElo "2148"]
[BlackElo "2807"]
[Result "0-1"]
[Round "5"]
[TimeControl "180+2"]
[Date "2023.06.27"]
[WhiteClock "0:00:10"]
[BlackClock "0:01:21"]
[Board "208"]

1. e4 c5 2. Nf3 d6 3. Bb5+ Nd7 4. O-O a6 5. Bxd7+ Bxd7 6. Re1 Nf6 7. d4 cxd4 8. Qxd4 e5 9. Qd3 Rc8 10. c4 b5 11. b3 bxc4 12. bxc4 Qc7 13. Nbd2 Be6 14. c5 dxc5 15. Qxa6 c4 16. Ba3 c3 17. Nb3 Bc4 18. Qa4+ Qd7 19. Qxd7+ Nxd7 20. Rac1 Bxa3 21. Rxc3 Bb4 0-1


[Site "https://www.chess.com"]

[Event "Titled Tuesday Blitz June 27 Early 2023"]
[White "Orlov, Georgi"]
[Black "Mangialardo, Tiago Carvalho"]
[WhiteFideId "2011271"]
[BlackFideId "2130718"]
[WhiteElo "2577"]
[BlackElo "2142"]
[Result "1-0"]
[Round "5"]
[TimeControl "180+2"]
[Date "2023.06.27"]
[WhiteClock "0:01:32"]
[BlackClock "0:00:00"]
[Board "209"]

1. d4 Nf6 2. Nf3 c5 3. c3 g6 4. dxc5 a5 5. Bg5 Bg7 6. Nbd2 Na6 7. Bxf6 Bxf6 8. Ne4 Bg7 9. Qd5 O-O 10. e3 Rb8 11. h4 h6 12. O-O-O Qc7 13. h5 g5 14. Bd3 d6 15. cxd6 exd6 16. Qxd6 Qxd6 17. Nxd6 Nc5 18. Bc4 Bg4 19. Rd5 b6 20. Nd4 Rfd8 21. Nxf7 Rxd5 22. Bxd5 Kh7 23. f3 Bd7 24. Rd1 Ba4 25. b3 1-0


[Site "https://www.chess.com"]

[Event "Titled Tuesday Blitz June 27 Early 2023"]
[White "Flis, Pawel"]
[Black "O`Gorman, Tom"]
[WhiteFideId "1112864"]
[BlackFideId "2508249"]
[WhiteElo "2129"]
[BlackElo "2566"]
[Result "0-1"]
[Round "5"]
[TimeControl "180+2"]
[Date "2023.06.27"]
[WhiteClock "0:00:16"]
[BlackClock "0:00:43"]
[Board "210"]

1. e4 c5 2. Nf3 d6 3. d4 cxd4 4. Nxd4 Nf6 5. Nc3 a6 6. Be3 e6 7. Be2 Be7 8. O-O O-O 9. f4 Nc6 10. Kh1 Bd7 11. Qe1 b5 12. Bd3 b4 13. Nce2 Qc7 14. Qg3 Kh8 15. Nxc6 Bxc6 16. e5 Nd5 17. Bd2 f5 18. Nd4 Bd7 19. Rae1 dxe5 20. fxe5 Qa7 21. Nf3 Bb5 22. Ng5 Bxd3 23. cxd3 Qb6 24. Rc1 h6 25. Qh3 Kg8 26. Nf3 Rac8 27. Bxh6 Rxc1 28. Bxc1 f4 29. Qh5 Qb5 30. Qg6 Qd7 31. Nd4 Ne3 32. Bxe3 fxe3 33. Rxf8+ Bxf8 34. Kg1 Qxd4 35. Qxe6+ Kh7 36. Qh3+ Kg6 37. Qg4+ Qxg4 38. h3 Qd1+ 0-1


[Site "https://www.chess.com"]

[Event "Titled Tuesday Blitz June 27 Early 2023"]
[White "Sharma, Dinesh K."]
[Black "deloewre"]
[WhiteFideId "5004110"]
[WhiteElo "2547"]
[BlackElo "2119"]
[Result "1-0"]
[Round "5"]
[TimeControl "180+2"]
[Date "2023.06.27"]
[WhiteClock "0:02:06"]
[BlackClock "0:00:00"]
[Board "211"]

1. e4 c5 2. Nf3 Nc6 3. d4 cxd4 4. Nxd4 e5 5. Nb5 d6 6. c4 Be6 7. N1c3 a6 8. Na3 g6 9. Be3 Bg7 10. Nc2 Nf6 11. Be2 O-O 12. O-O Rc8 13. f3 Qe7 14. Qd2 Rfd8 15. Rfd1 Ne8 16. Nd5 Bxd5 17. cxd5 Nb8 18. Bb6 Rd7 19. Na3 Nc7 20. Rac1 Rf8 21. Rc2 Na8 22. Be3 Rdd8 23. Rdc1 Nd7 24. Nc4 Nc5 25. Nxd6 Qxd6 26. Bxc5 Qd7 27. Bxf8 Rxf8 28. Kh1 f5 29. Bd3 h5 30. exf5 gxf5 31. Qg5 Qf7 32. d6 Kh7 33. Rc7 Qg6 34. Qxg6+ Kxg6 35. Rxb7 e4 36. fxe4 fxe4 37. Bxe4+ Kh6 38. d7 Bxb2 39. Rxb2 1-0


[Site "https://www.chess.com"]